 Dungeon Crawl Stone Soup version 0.21.0-25-ge575cb9ce8 (webtiles) character file.

164802 Rrauwl the Wrestler (level 17, -1/176 HPs)
             Began as a Troll Monk on Jan 22, 2018.
             Was a High Priest of Okawaru.
             Succumbed to poison (poison gas)
             ... while paralysed
             ... on level 4 of the Swamp.
             The game lasted 02:20:26 (26553 turns).

Rrauwl the Wrestler (Troll Monk)                   Turns: 26553, Time: 02:20:27

Health: -1/176     AC: 22    Str: 25    XL:     17   Next: 26%
Magic:  22/22      EV:  1    Int:  9    God:    Okawaru [*****.]
Gold:   1759       SH:  0    Dex: 20    Spells: 16/16 levels left

rFire    + + .     SeeInvis .     - Unarmed
rCold    + . .     Gourm    +   (no shield)
rNeg     . . .     Faith    .   g - +2 shadow dragon scales
rPois    .         Spirit   .   p - +2 hat {Int+3}
rElec    .         Reflect  .   j - scarf {rC+ rF+}
rCorr    .         Harm     .   (gloves unavailable)
MR       +++..                  (boots unavailable)
Stlth    +++++.....             (no amulet)
HPRegen  0.79/turn              x - +6 ring of evasion
MPRegen  0.18/turn              Y - ring "Vuoph" {Wiz rF+ MR++ Dex+3}

@: paralysed, lethally poisoned (-1 -> -49), heroism, berserk cooldown, slowed
A: large, unfitting armour, claws 3, horns 1, blink, fast metabolism 3,
gourmand, regeneration 1, shaggy fur 1, strong 1, tough skin 2
a: Blink, Heroism, Finesse, Renounce Religion


You were on level 4 of the Swamp.
You worshipped Okawaru.
Okawaru was extremely pleased with you.
You were not hungry.

You visited 4 branches of the dungeon, and saw 26 of its levels.
You also visited: Labyrinth and Sewer.

You collected 3975 gold pieces.
You spent 2216 gold pieces at shops.

Inventory:

Hand Weapons
 a - a +8 giant spiked club of chaos
Missiles
 s - 3 throwing nets
 M - 6 large rocks (quivered)
Armour
 g - +2 shadow dragon scales (worn)
 j - a scarf of resistance (worn)
 p - a +2 hat of intelligence (worn)
 t - a +0 troll leather armour
Jewellery
 q - an uncursed ring of resist corrosion
 x - a +6 ring of evasion (left claw)
 X - the ring "Pomuept" {rPois rC+ Dex-3 SInv}
   (You took it off a necromancer on level 15 of the Dungeon)

   [ring of poison resistance]

   It affects your dexterity (-3).
   It protects you from cold.
   It protects you from poison.
   It lets you see invisible.
 Y - the ring "Vuoph" (right claw) {Wiz rF+ MR++ Dex+3}
   (You took it off a vampire on level 15 of the Dungeon)

   [ring of wizardry]

   It improves your spell success rate.
   It affects your dexterity (+3).
   It protects you from fire.
   It affects your resistance to hostile enchantments.
Wands
 b - a wand of iceblast (8)
 h - a wand of disintegration (13)
 n - a wand of digging (15)
 v - a wand of paralysis (24)
 A - a wand of flame (112)
 B - a wand of acid (19)
 G - a wand of clouds (11)
Scrolls
 d - 4 scrolls of immolation
 i - 13 scrolls of identify
 k - a scroll of fear
 o - 12 scrolls of remove curse
 w - 14 scrolls of teleportation
 C - a scroll of enchant armour
 J - 4 scrolls of fog
 L - a scroll of blinking
 Q - 5 scrolls of magic mapping
Potions
 f - 4 potions of curing
 l - 4 potions of lignification
 m - 2 potions of brilliance
 r - a potion of haste
 u - 3 potions of resistance
 z - 3 potions of might
 D - 4 potions of cancellation
 I - 3 potions of flight
 K - 4 potions of ambrosia
 N - a potion of invisibility
 V - a potion of agility
Miscellaneous
 c - a box of beasts
 y - a phantom mirror
Comestibles
 e - 56 rations


   Skills:
 - Level 13.0(18.0) Fighting
 + Level 6.7(11.7) Maces & Flails
 - Level 8.0(13.0) Throwing
 - Level 7.0(12.0) Armour
 - Level 6.0(11.0) Dodging
 - Level 1.0(6.0) Stealth
 - Level 21.0(26.0) Unarmed Combat
 + Level 8.6 Invocations
 - Level 4.0 Evocations


You had 16 spell levels left.
You didn't know any spells.

Dungeon Overview and Level Annotations

Branches:
Dungeon (15/15)            Temple (1/1) D:5            Lair (6/6) D:10
  Swamp (4/4) Lair:4       Spider (0/4) Lair:4        Slime (0/5) Lair:5
    Orc (0/2) D:11         Vaults (0/5) D:14         Depths (0/5) D:15

Altars:
Ashenzari
Cheibriados
Dithmenos
Elyvilon
Fedhas
Gozag
Hepliaklqana
Kikubaaqudgha
Makhleb
Nemelex Xobeh
Okawaru
Qazlal
Ru
Sif Muna
Trog
Uskayaw
Vehumet
Wu Jian
Xom
Yredelemnul
Zin
The Shining One
Jiyva

Shops:
D:4 :   D:8 =   D:10 %   D:12 }[   D:15 (*:

Portals:
Hell: Lair:6

Annotations:
Lair:2 exclusion: 2 oklob plants


Innate Abilities, Weirdness & Mutations

You are too large for most types of armour.
You have claws for hands.
Your metabolism is lightning-fast.
You like to eat raw meat.
Your natural rate of healing is unusually fast.
You are covered in fur. (AC +1)
You have very tough skin. (AC +2)
You have a pair of small horns on your head.
You can translocate small distances at will.
Your muscles are strong. (Str +2)


Message History

You kill the swamp dragon!
Okawaru accepts your kill.
You are engulfed in poison gas.
You are more poisoned.
* * * LOW HITPOINT WARNING * * *
x2 You feel sick.
You are engulfed in poison gas.
You are more poisoned.
* * * LOW HITPOINT WARNING * * *
x2 You feel very sick.
You are too berserk!
You feel a strong urge to attack something.
* * * LOW HITPOINT WARNING * * *
You feel very sick.
You are no longer berserk.
You pass out from exhaustion.
You feel yourself slow down.
* * * LOW HITPOINT WARNING * * *
You feel very sick.
You die...

♣♣♣♣♣♣..≈≈?♣♣≈≈..≈≈
≈§≈≈♣(≈≈≈(≈..≈≈≈.♣
≈.≈≈..≈≈≈÷.§≈≈..♣
§..≈.(≈≈≈≈≈..≈^♣≈.
≈≈≈..(.≈≈≈≈≈≈÷.♣
♣...≈.(≈≈≈§§§§♣
♣♣≈≈≈.(≈((.§§§♣♣
♣§≈≈≈≈.≈≈..§§♣♣
♣♣.≈≈≈≈≈≈.§§@♣
♣≈..≈≈≈≈.♣♣§♣
♣♣♣♣♣≈..≈♣♣♣♣
♣♣♣♣♣♣


There were no monsters in sight!

Vanquished Creatures
  A sphinx (D:15)
  6 thorn hunters
  A tengu reaver (D:15)
  A frost giant (D:15)
  The ghost of Thargor the Carver, a journeyman HuBe of Trog (D:13)
  A stone giant (D:15)
  Nessos (D:15)
  2 ettins
  A minotaur (Lab)
  2 fire dragons
  A yaktaur captain (D:15)
  Josephine (D:15)
  21 hydras
  4 vault guards (D:15)
  4 great orbs of eyes (D:15)
  A ghost crab (Swamp:4)
  4 centaur warriors
  An ogre mage (D:15)
  9 two-headed ogres
  A catoblepas (D:15)
  9 alligators
  A deep troll shaman (D:15)
  5 tengu warriors
  11 death yaks
  Urug (Lair:2)
  The ghost of Andry07 the Fighter, a novice GrFi of Okawaru (D:9)
  A sun demon (Lair:6)
  10 skeletal warriors
  The ghost of Andry07 the Fighter, a novice GrFi (D:7)
  A wizard (Lair:6)
  A deep troll (D:14)
  5 spriggan druids
  2 unseen horrors
  3 shambling mangroves
  7 swamp dragons
  2 orc knights (D:15)
  2 necromancers
  2 harpies
  4 cyclopes
  A deep elf mage (D:15)
  A wolf spider zombie (D:14)
  9 slime creatures
  9 ugly things
  A manticore (D:14)
  4 centaur zombies
  6 black mambas
  9 elephants
  Psyche (D:9)
  8 spiny frogs
  5 gargoyles
  3 orange demons (Lair:6)
  A kobold demonologist (D:15)
  A torpor snail (Lair:6)
  11 rime drakes
  An efreet (D:14)
  A freezing wraith (D:14)
  2 komodo dragons
  2 redback zombies
  4 yaktaurs (D:15)
  A tengu conjurer (D:15)
  An ice devil (Lair:6)
  3 meliai (D:14)
  A red devil (Lair:6)
  The ghost of Gargoyl the Pure, an amateur CeAK of Lugonu (D:4)
  12 hornets
  2 polar bears
  3 trolls
  4 tyrant leeches
  13 blink frogs
  7 bog bodies
  5 dream sheep (Lair:4)
  14 hippogriffs
  2 shadows
  6 wraiths
  6 wyverns
  A vampire (D:15)
  5 redbacks
  13 spriggans
  A basilisk (shapeshifter) (D:15)
  39 yaks
  A hog (D:12)
  6 hungry ghosts
  Grum (D:9)
  6 basilisks
  12 steam dragons
  18 vampire mosquitoes
  12 swamp worms
  4 acid dragons
  16 insubstantial wisps
  2 soldier ants
  15 water moccasins
  4 hell hounds (Lair:6)
  10 swamp drakes
  6 porcupines
  3 ice beasts
  3 sky beasts
  A black bear (D:9)
  A hornet zombie (D:15)
  2 phantoms
  A necrophage (D:9)
  9 orc warriors
  An eye of draining (D:15)
  31 wolves
  7 ogres
  15 centaurs
  13 crocodiles
  2 gnoll sergeants
  An earth elemental (Lab)
  17 bullfrogs
  3 scorpions
  62 killer bees
  13 wights
  3 electric eels
  2 howler monkeys (D:10)
  A spriggan skeleton (Lab)
  11 crimson imps
  A bullfrog zombie (D:12)
  3 quasits
  5 hounds
  4 orc priests
  4 jellies
  3 bullfrog skeletons
  2 iguanas
  7 centaur skeletons
  11 orc wizards
  2 hell rats (Lair:1)
  A killer bee zombie (D:7)
  13 worker ants
  A mummy (D:5)
  3 worker ant zombies
  A howler monkey zombie (D:9)
  14 gnolls
  10 adders
  7 river rats (Lair:1)
  4 shadow imps
  An adder skeleton (D:4)
  A worm (D:4)
  A dart slug (D:4)
  4 leopard geckos
  50 orcs
  3 giant cockroaches
  5 goblins
  3 hobgoblins
  13 jackals
  6 kobolds
  2 quokkas
  A ball python (D:5)
  12 bats
  7 frilled lizards
  A leopard gecko skeleton (D:8)
  A leopard gecko zombie (D:6)
  9 rats
  6 briar patches
  A fungus (Lair:6)
  2 plants (Lair:4)
893 creatures vanquished.

Vanquished Creatures (others)
  A hornet (Swamp:3)
  3 briar patches (Swamp:2)
  5 fungi
  10 plants
19 creatures vanquished.

Grand Total: 912 creatures vanquished

Notes
Turn   | Place    | Note
-------+----------+-------------------------------------------
     0 | D:1      | Rrauwl the Troll Monk began the quest for the Orb.
     0 | D:1      | Reached XP level 1. HP: 22/22 MP: 0/0
   584 | D:1      | Reached XP level 2. HP: 28/29 MP: 1/1
  1035 | D:2      | Reached XP level 3. HP: 36/36 MP: 2/2
  1247 | D:2      | Noticed a sky beast
  1263 | D:2      | Killed a sky beast
  1263 | D:2      | Reached skill level 4 in Unarmed Combat
  1263 | D:2      | Reached XP level 4. HP: 24/45 MP: 3/3
  1275 | D:2      | Reached XP level 5. HP: 32/53 MP: 4/4
  1312 | D:2      | Found a sparkling altar of Nemelex Xobeh.
  1910 | D:3      | Reached skill level 5 in Unarmed Combat
  2374 | D:4      | Reached XP level 6. HP: 55/61 MP: 5/5
  2526 | D:4      | Noticed Gargoyl's ghost (amateur CeAK)
  2535 | D:4      | Killed Gargoyl's ghost
  2535 | D:4      | Reached skill level 6 in Unarmed Combat
  2654 | D:4      | Found Juigeupn's Book Boutique.
  2691 | D:4      | Reached skill level 7 in Unarmed Combat
  2691 | D:4      | Reached XP level 7. HP: 60/67 MP: 6/6
  3151 | D:5      | Entered Level 5 of the Dungeon
  3183 | D:5      | Found a glowing drain.
  3209 | Sewer    | Entered a sewer
  3249 | Sewer    | Reached skill level 8 in Unarmed Combat
  3434 | D:5      | Found a snail-covered altar of Cheibriados.
  3639 | D:5      | Found a staircase to the Ecumenical Temple.
  3644 | Temple   | Entered the Ecumenical Temple
  3672 | Temple   | Became a worshipper of Warmaster Okawaru
  3672 | Temple   | Reached * piety under Okawaru
  3672 | Temple   | Reached ** piety under Okawaru
  3784 | D:5      | Reached skill level 9 in Unarmed Combat
  3784 | D:5      | Reached XP level 8. HP: 74/75 MP: 7/7
  4348 | D:6      | Reached skill level 10 in Unarmed Combat
  4793 | D:6      | Reached *** piety under Okawaru
  4840 | D:6      | Reached skill level 1 in Armour
  4908 | D:7      | Reached XP level 9. HP: 84/84 MP: 8/8
  5144 | D:7      | Reached skill level 11 in Unarmed Combat
  5167 | D:7      | Noticed Andry07's ghost (novice GrFi)
  5202 | D:7      | Killed Andry07's ghost
  5203 | D:7      | Reached **** piety under Okawaru
  5227 | D:7      | Reached skill level 1 in Invocations
  5361 | D:8      | Found Puilugapp's Jewellery Shop.
  6125 | D:9      | Reached XP level 10. HP: 71/93 MP: 11/11
  6156 | D:9      | Noticed Andry07's ghost (novice GrFi)
  6171 | D:9      | Killed Andry07's ghost
  6171 | D:9      | Reached ***** piety under Okawaru
  6171 | D:9      | Received a gift from Okawaru
  6171 | D:9      | Reached skill level 12 in Unarmed Combat
  6276 | D:9      | Noticed Grum
  6297 | D:9      | Killed Grum
  6506 | D:9      | Noticed a two-headed ogre
  6512 | D:9      | Killed a two-headed ogre
  6512 | D:9      | Reached skill level 5 in Fighting
  6512 | D:9      | Reached skill level 5 in Dodging
  6518 | D:9      | Noticed Psyche
  6524 | D:9      | Killed Psyche
  6849 | D:10     | Entered Level 10 of the Dungeon
  7036 | D:10     | Noticed a cyclops
  7074 | D:10     | Noticed a gargoyle
  7079 | D:10     | Killed a gargoyle
  7138 | D:10     | Reached skill level 13 in Unarmed Combat
  7160 | D:10     | Found Nooconko's Food Shoppe.
  7218 | D:10     | Killed a cyclops
  7294 | D:10     | Noticed a death yak
  7295 | D:10     | Noticed a death yak
  7296 | D:10     | Noticed a death yak
  7321 | D:10     | Noticed a death yak
  7339 | D:10     | Killed a death yak
  7339 | D:10     | Reached skill level 1 in Throwing
  7339 | D:10     | Reached XP level 11. HP: 78/102 MP: 8/13
  7394 | D:10     | Noticed a death yak
  7418 | D:10     | Killed a death yak
  7418 | D:10     | Reached skill level 5 in Invocations
  7438 | D:10     | Killed a death yak
  7443 | D:10     | Killed a death yak
  7452 | D:10     | Killed a death yak
  7588 | D:10     | Found a staircase to the Lair.
  7692 | Lair:1   | Entered Level 1 of the Lair of Beasts
  7807 | Lair:1   | Received a gift from Okawaru
  7812 | Lair:1   | Noticed a four-headed hydra
  7826 | Lair:1   | Killed a four-headed hydra
  7826 | Lair:1   | Reached skill level 1 in Maces & Flails
  7945 | Lair:1   | Received a gift from Okawaru
  8059 | Lair:1   | Received a gift from Okawaru
  8075 | Lair:1   | Reached skill level 14 in Unarmed Combat
  8378 | Lair:1   | Reached skill level 5 in Throwing
  8852 | Lair:1   | Reached XP level 12. HP: 74/111 MP: 14/14
  9059 | Lair:2   | Noticed a seven-headed hydra
  9177 | Lair:2   | Noticed a four-headed hydra
  9609 | Lair:2   | Noticed Urug
  9755 | Lair:2   | Killed Urug
  9808 | Lair:2   | Killed a seven-headed hydra
 10079 | Lair:2   | Killed a four-headed hydra
 10452 | Lair:3   | Received a gift from Okawaru
 10583 | Lair:3   | Reached skill level 15 in Unarmed Combat
 10678 | Lair:3   | Reached skill level 5 in Maces & Flails
 10903 | Lair:3   | Noticed an eight-headed hydra
 10914 | Lair:3   | Killed an eight-headed hydra
 11423 | Lair:4   | Noticed a death yak
 11664 | Lair:4   | Reached XP level 13. HP: 68/120 MP: 16/16
 11698 | Lair:4   | Reached skill level 16 in Unarmed Combat
 11991 | Lair:4   | Found a hole to the Spider Nest.
 12381 | Lair:4   | Noticed a fire dragon
 12394 | Lair:4   | Killed a fire dragon
 12626 | Lair:4   | Found a staircase to the Swamp.
 12933 | Lair:5   | Found a staircase to the Slime Pits.
 12933 | Lair:5   | Found a viscous altar of Jiyva.
 13070 | Lair:5   | Reached ****** piety under Okawaru
 13131 | Lair:5   | Received a gift from Okawaru
 13686 | Lair:6   | Entered Level 6 of the Lair of Beasts
 14153 | Lair:6   | Reached skill level 5 in Armour
 14297 | Lair:6   | Received a gift from Okawaru
 14353 | Lair:6   | Reached skill level 17 in Unarmed Combat
 14542 | Lair:6   | Reached XP level 14. HP: 94/136 MP: 18/18
 14694 | Lair:6   | Found a burning altar of Makhleb.
 15415 | Lair:6   | Found a gateway to Hell.
 15807 | D:11     | Identified the Tome of Hexes and Ignition
 15971 | D:11     | Reached skill level 18 in Unarmed Combat
 16176 | D:11     | Found a staircase to the Orcish Mines.
 16192 | D:11     | Received a gift from Okawaru
 16691 | D:12     | Found Anusuji's Armour Shop.
 16841 | D:12     | Found a labyrinth entrance.
 16867 | Lab      | Entered a labyrinth
 17465 | D:12     | Found Kyonabel's Gadget Shop.
 17991 | D:13     | Received a gift from Okawaru
 18009 | D:13     | Identified the +5 shield of Eternal Vigilance {-Cast rElec Regen+} (Okawaru gifted it to you on level 13 of the Dungeon)
 18084 | D:13     | Reached skill level 19 in Unarmed Combat
 18299 | D:13     | Noticed Thargor's ghost (journeyman HuBe)
 18314 | D:13     | Killed Thargor's ghost
 18878 | D:14     | Reached XP level 15. HP: 69/143 MP: 19/19
 18949 | D:14     | Found a gate to the Vaults.
 19426 | D:14     | Reached skill level 20 in Unarmed Combat
 19461 | D:14     | Received a gift from Okawaru
 19885 | D:14     | Gained mutation: You can translocate small distances at will. [potion of mutation]
 19885 | D:14     | Gained mutation: Your muscles are strong. (Str +2) [potion of mutation]
 19885 | D:14     | Gained mutation: You have a pair of small horns on your head. [potion of mutation]
 20128 | D:15     | Entered Level 15 of the Dungeon
 20129 | D:15     | Upgraded the game from 0.21.0-24-g2553a3340b to 0.21.0-25-ge575cb9ce8
 20136 | D:15     | Reached skill level 1 in Evocations
 20191 | D:15     | Paralysed by a great orb of eyes for 2 turns
 20198 | D:15     | Paralysed by a great orb of eyes for 5 turns
 20256 | D:15     | Identified Seqyhi Neri's Disquisition on Transformation and Fire
 20308 | D:15     | Noticed Josephine
 20323 | D:15     | Killed Josephine
 20367 | D:15     | Noticed Nessos
 20379 | D:15     | Killed Nessos
 20419 | D:15     | Got a brightly glowing tin ring
 20521 | D:15     | Identified the ring of Ashenzari's Esteem {MR+ SInv} (You took it off a tengu conjurer on level 15 of the Dungeon)
 20562 | D:15     | Found a staircase to the Depths.
 20563 | D:15     | Noticed a frost giant
 20570 | D:15     | Killed a frost giant
 20608 | D:15     | Noticed a tengu reaver
 20621 | D:15     | Killed a tengu reaver
 20785 | D:15     | Found Xatipyntic's Book Emporium.
 20807 | D:15     | Bought a manual of Fighting for 1766 gold pieces
 20815 | D:15     | Received a gift from Okawaru
 20980 | D:15     | Reached skill level 21 in Unarmed Combat
 20982 | D:15     | Got a faintly glowing silver ring
 20987 | D:15     | Identified the ring "Pomuept" {rPois rC+ Dex-3 SInv} (You took it off a necromancer on level 15 of the Dungeon)
 20995 | D:15     | Found Teklug's Antique Weapon Emporium.
 21054 | D:15     | Noticed a sphinx
 21057 | D:15     | Paralysed by a sphinx for 7 turns
 21066 | D:15     | Killed a sphinx
 21179 | D:15     | Reached skill level 10 in Fighting
 21182 | D:15     | Got a wavering pewter ring
 21189 | D:15     | Identified the ring "Vuoph" {Wiz rF+ MR++ Dex+3} (You took it off a vampire on level 15 of the Dungeon)
 21208 | D:15     | Found Huqixor's Assorted Antiques.
 21211 | D:15     | Reached XP level 16. HP: 150/158 MP: 20/20
 21221 | D:15     | Bought a scroll of enchant weapon for 225 gold pieces
 21221 | D:15     | Bought a scroll of enchant weapon for 225 gold pieces
 21956 | Swamp:1  | Entered Level 1 of the Swamp
 21974 | Lair:4   | Received a gift from Okawaru
 22326 | Swamp:1  | Received a gift from Okawaru
 22874 | Swamp:2  | Noticed a thorn hunter
 23046 | Swamp:2  | Killed a thorn hunter
 23096 | Swamp:2  | Noticed a thorn hunter
 23281 | Swamp:2  | Killed a thorn hunter
 24477 | Swamp:3  | Noticed a thorn hunter
 24526 | Swamp:3  | Killed a thorn hunter
 24526 | Swamp:3  | Received a gift from Okawaru
 25321 | Swamp:3  | Reached XP level 17. HP: 171/176 MP: 21/21
 25792 | Swamp:4  | Entered Level 4 of the Swamp
 26550 | Swamp:4  | HP: 13/264 [poison (poison gas)]
 26552 | Swamp:4  | HP: 4/176 [poison (poison gas)]
 26553 | Swamp:4  | Succumbed to poison (poison gas)

Skill      XL: |  1  2  3  4  5  6  7  8  9 10 11 12 13 14 15 16 17 |
---------------+----------------------------------------------------+-----
Fighting       | 3 4 5 6 8 10 13 | 13.0
Dodging        | 3 4 5 6 |  6.0
Unarmed Combat | 4 5 7 9 10 11 13 14 15 17 19 21 | 21.0
Armour         | 1 3 4 5 7 |  7.0
Invocations    | 3 4 5 6 7 8 |  8.6
Throwing       | 1 5 8 |  8.0
Maces & Flails | 3 5 6 |  6.7
Evocations     | 4 |  4.0
Stealth        | |  1.0

Action                   |  1- 3 |  4- 6 |  7- 9 | 10-12 | 13-15 | 16-18 || total
-------------------------+-------+-------+-------+-------+-------+-------++-------
Melee: Unarmed           |    77 |   117 |   273 |   607 |  1015 |   452 ||  2541
       Punch             |       |     4 |    15 |    60 |   150 |    42 ||   271
       Flail             |       |       |    13 |    33 |    12 |       ||    58
       Eveningstar       |       |       |       |       |    20 |       ||    20
       Headbutt          |       |       |       |       |    73 |   160 ||   233
       Giant spiked club |       |       |       |       |       |    83 ||    83
Throw: Large rock        |       |       |       |     1 |       |    22 ||    23
Invok: Heroism           |       |       |       |    11 |    18 |    24 ||    53
       Finesse           |       |       |       |     2 |     3 |       ||     5
 Abil: Blink             |       |       |       |       |       |     2 ||     2
Evoke: Wand              |       |       |     2 |     9 |    12 |       ||    23
  Use: Potion            |     1 |     2 |    10 |     4 |     7 |     9 ||    33
       Scroll            |       |       |    13 |     6 |    21 |    10 ||    50
 Stab: Sleeping          |     2 |     3 |     2 |     3 |     7 |     1 ||    18
       Distracted        |       |       |       |     1 |     2 |       ||     3
       Fleeing           |       |       |       |       |     1 |       ||     1
  Eat: Ration            |     1 |       |       |       |     1 |     4 ||     6
       Chunk             |    13 |    12 |    32 |    51 |    85 |    29 ||   222
Armor: Robe              |    41 |    55 |    67 |     2 |       |       ||   165
       Skin              |       |     5 |     7 |     8 |       |       ||    20
       Animal skin       |       |       |       |   110 |    77 |       ||   187
       Troll leather arm |       |       |       |       |    84 |    30 ||   114
       Shadow dragon sca |       |       |       |       |       |   210 ||   210
Dodge: Dodged            |    51 |    78 |   152 |   516 |   665 |   526 ||  1988
